 Dungeon Crawl Stone Soup version 0.31-a0-366-ga77b45bd9b (webtiles) character file.

Game seed: 11631954504185263641

366 AdnanSaban the Trooper (level 6, 0/39 HPs)
             Began as a Gargoyle Fighter on July 28, 2023.
             Slain by Edmund
             ... wielding a +4 flail of protection
              (4 damage)
             ... on level 4 of the Dungeon.
             The game lasted 00:02:15 (3261 turns).

AdnanSaban the Trooper (Gargoyle Fighter)           Turns: 3261, Time: 00:02:16

Health: 0/39       AC: 18    Str: 28    XL:     6   Next: 68%
Magic:  6/6        EV: 10    Int:  8    God:
Gold:   224        SH:  4    Dex:  9    Spells: 5/5 levels left

rFire   . . .        a - +0 flail
rCold   . . .        c - +0 buckler
rNeg    + . .        b - +0 scale mail
rPois   ∞            y - +0 helmet
rElec   +            h - +0 cloak
rCorr   .            t - +2 pair of gloves
SInv    .            k - +0 pair of boots
Will    .....        (no amulet) Stlth
                     v - +6 ring of strength
HPRegen 0.26/turn    (no ring)
MPRegen 0.10/turn

%: no passive effects
@: no status effects
A: sickness immunity, AC +4, negative energy resistance 1, electricity
resistance, torment resistance 1, petrification resistance
a: no special abilities


You were on level 4 of the Dungeon.
You visited 1 branch of the dungeon, and saw 4 of its levels.

You collected 224 gold pieces.

Inventory:

Hand Weapons
 a - a +0 flail (weapon)
Missiles
 g - 2 curare-tipped darts
 o - 3 javelins
Armour
 b - a +0 scale mail (worn)
 c - a +0 buckler (worn)
 h - a +0 cloak (worn)
 k - a +0 pair of boots (worn)
 t - a +2 pair of gloves (worn)
 y - a +0 helmet (worn)
Jewellery
 v - a +6 ring of strength (left hand)
Scrolls
 e - a scroll of blinking {unknown}
 f - a scroll of immolation {unknown}
 l - a scroll of amnesia {unknown}
 m - 6 scrolls of identify {unknown}
 n - a scroll of silence {unknown}
 p - a scroll of noise {unknown}
 s - 2 scrolls of teleportation {unknown}
 u - a scroll of fog {unknown}
 w - a scroll of vulnerability {unknown}
 x - a scroll of torment {unknown}
Potions
 d - 2 potions of might
 i - a potion of brilliance {unknown}
 j - 2 potions of attraction {unknown}
 q - 2 potions of degeneration {unknown}
 r - a potion of heal wounds {unknown}
 z - a potion of enlightenment {unknown}


   Skills:
 + Level 4.7 Fighting
 + Level 4.5 Maces & Flails
 + Level 4.6 Armour
 + Level 1.0 Dodging
 + Level 4.0 Shields


You had 5 spell levels left.
You didn't know any spells.
Your spell library contained the following spells:

 Spells                   Type           Power      Damage    Failure   Level
 Freeze                   Ice            0%         1d3       71%         1
 Inner Flame              Hex/Fire       0%         N/A       97%         3
 Ozocubu's Armour         Ice            0%         N/A       97%         3
 Portal Projectile        Hex/Tloc       0%         N/A       97%         3
 Tukima's Dance           Hex            0%         N/A       97%         3
 Iskenderun's Mystic Bla  Conj/Tloc      0%         2d3       100%        4
 Manifold Assault         Tloc           0%         N/A       100%        4
 Summon Ice Beast         Ice/Summ       0%         N/A       100%        4
 Dispersal                Tloc           0%         N/A       100%        6
 Disjunction              Tloc           0%         N/A       100%        8


Dungeon Overview and Level Annotations

Branches:
Dungeon (4/15)
 Temple: D:4-7

Altars:

Shops:
D:4 =?(==

Annotations:
D:4 2 transporters, Edmund


Innate Abilities, Weirdness & Mutations

You are immune to sickness and miasma.
Your stone body is resilient. (AC +4)
You are immune to poison.
You resist negative energy. (rN+)
You are resistant to electric shocks. (rElec)
You are resistant to unholy torment.
You are immune to petrification.


Message History

You are too injured to fight recklessly!
You are too injured to fight recklessly!
You are too injured to fight recklessly!
You are too injured to fight recklessly!
You are too injured to fight recklessly!
You are too injured to fight recklessly!
You are too injured to fight recklessly!
You are too injured to fight recklessly!
You are too injured to fight recklessly!
You are too injured to fight recklessly!
You are too injured to fight recklessly!
You are too injured to fight recklessly!
You are too injured to fight recklessly!
You are too injured to fight recklessly!
You hit Edmund but do no damage.
Edmund is heavily wounded.
Edmund hits you but does no damage.
You completely miss Edmund.
Edmund is heavily wounded.
Edmund hits you but does no damage.
You hit Edmund.
Edmund is heavily wounded.
Edmund hits you with a +4 flail of protection!
* * * LOW HITPOINT WARNING * * *
You hit Edmund.
Edmund is heavily wounded.
Edmund completely misses you.
Edmund hits you with a +4 flail of protection!
* * * LOW HITPOINT WARNING * * *
You hit Edmund.
Edmund is severely wounded.
Edmund closely misses you.
You sock Edmund!
Edmund is almost dead.
Edmund hits you but does no damage.
You hit Edmund but do no damage.
Edmund is almost dead.
Edmund gestures with his flail.
Edmund hits you with a +4 flail of protection.
You die...

### ##.## ####
##.#.## #..# ###
##.###.######
#..####+# #.#
............#
#.@.....# #.######
##.###.####.####@#
#.......
##[#.###........#
########
##......#####..#
#.####...)##.##
#.####....##.#
##############
#.##......##.#
#............#
#.##...#####.#
#.##########.#
#.##.........# #.#
#.#
####.......>.####
#.# #.#


You could see Edmund.

Vanquished Creatures
  Menkaure (D:4)
  A jelly (D:4)
  2 iguanas (D:4)
  3 gnolls (D:4)
  8 adders
  A shadow imp (D:3)
  An ufetubus (D:3)
  2 orcs
  6 endoplasms
  6 goblins
  6 hobgoblins
  2 jackals (D:4)
  5 quokkas
  3 ball pythons
  4 bats
  3 frilled lizards
  8 kobolds
  A rat (D:1)
63 creatures vanquished.

Notes
Turn   | Place    | Note
-------+----------+-------------------------------------------
     0 | D:1      | AdnanSaban the Gargoyle Fighter began the quest for the
                  | Orb.
     0 | D:1      | Reached XP level 1. HP: 14/14 MP: 1/1
   395 | D:1      | Reached XP level 2. HP: 20/20 MP: 2/2
  1012 | D:2      | Reached XP level 3. HP: 24/24 MP: 3/3
  1221 | D:2      | Reached XP level 4. HP: 29/29 MP: 4/4
  1790 | D:3      | Got Sov Daim's Atlas of Accelerants and Algor
  2364 | D:4      | Found Bahuasm's Antique Weapon Emporium.
  2368 | D:4      | Found Xijan's Magic Scroll Boutique.
  2373 | D:4      | Reached XP level 5. HP: 33/33 MP: 5/5
  2381 | D:4      | Identified the +0 leather armour of Rationality {Regen+
                  | Dex-3 Slay+6}
  2428 | D:4      | Noticed Menkaure
  2437 | D:4      | Killed Menkaure
  2438 | D:4      | Reached XP level 6. HP: 23/39 MP: 6/6
  2509 | D:4      | Found Kubaosyxt's Jewellery Boutique.
  2728 | D:4      | Found a transporter.
  2919 | D:4      | Found Berolo's Jewellery Boutique.
  3086 | D:4      | Found Ziuntiw's Jewellery Emporium.
  3174 | D:4      | Reached skill level 1 in Dodging
  3205 | D:4      | Found a transporter.
  3241 | D:4      | Noticed Edmund
  3261 | D:4      | Slain by Edmund

Illustrated notes

Levels and vault maps discovered:
D:1:      minmay_arrival_up_and_down, layout_basic, minmay_box_of_dots
D:2:      layout_loops_ring
D:3:      layout_loops_ring
D:4:      layout_loops_ring, tso_altar, serial_shops, shop, shop,
          nicolae_shop_drivethru, nicolae_shop_statue_plus,
          nicolae_shop_gibbet_a_chance, uniq_menkaure, uniq_edmund

Skill      XL: |  1  2  3  4  5  6 |
---------------+-------------------+-----
Fighting       | 4 |  4.7
Armour         | 4 |  4.6
Maces & Flails | 3 4 |  4.5
Shields        | 4 |  4.0
Dodging        | 1 |  1.0

Action                     |  1- 3 |  4- 6 || total
---------------------------+-------+-------++-------
  Melee: Flail             |    82 |   199 ||   281
 Armour: Scale mail        |    55 |   118 ||   173
  Dodge: Dodged            |    31 |    96 ||   127
  Block: Buckler           |    15 |    53 ||    68

Table legend: (Time is in decaauts)
 A = Elapsed time spent in this place.
 B = Non-inter-level travel time spent in this place.
 C = Inter-level travel time spent in this place.
 D = Time resting spent in this place.
 E = Time spent auto-exploring this place.
 F = Levels seen in this place.
 G = Mean time per level.
                   A        B        C        D        E       F      G
               +--------+--------+--------+--------+--------+-----+--------+
         Total |   3338 |   3244 |     94 |      0 |   2629 |   4 |  834.5 |
       Dungeon |   3338 |   3244 |     94 |      0 |   2629 |   4 |  834.5 |
               +--------+--------+--------+--------+--------+-----+--------+

Top non-repeatable levels by time:
     D:1: 984 daAuts
     D:4: 948 daAuts
     D:2: 729 daAuts
     D:3: 677 daAuts
